 Dungeon Crawl Stone Soup version 0.29-a0-352-g0917bc69df (webtiles) character file.

Game seed: 8603321751073289197

1182 Hubjo the Firebug (level 8, 0/48 HPs)
             Began as a Deep Elf Fire Elementalist on Apr 24, 2022.
             Was a Priest of Nemelex Xobeh.
             Slain by a yak (6 damage)
             ... on level 7 of the Dungeon.
             The game lasted 00:14:18 (7805 turns).

Hubjo the Firebug (Deep Elf Fire Elementalist)      Turns: 7805, Time: 00:14:21

Health: 0/48       AC:  7    Str:  5    XL:     8   Next: 19%
Magic:  19/19      EV: 13    Int: 21    God:    Nemelex Xobeh [***...]
Gold:   425        SH:  0    Dex: 23    Spells: 11/19 levels left

rFire   + . .      SeeInvis .   t - +4 short sword
rCold   . . .      Faith    .   (no shield)
rNeg    . . .      Spirit   .   (no body armour)
rPois   .          Reflect  .   l - +1 hat
rElec   .          Harm     +   m - scarf {rC+ rF+}
rCorr   +          Rampage  +   (no gloves)
Will    .....                   x - +1 pair of boots of Orgheufie {Contam Harm Rampage rC- rCorr}
Stlth   ++++......              (no amulet)
HPRegen 0.16/turn               h - +4 ring of protection
MPRegen 0.16/turn               p - +6 ring of dexterity

@: elixired, slowed, very slow
A: no striking features
a: Renounce Religion, Draw Escape, Draw Destruction, Draw Summoning, Triple Draw


You were on level 7 of the Dungeon.
You worshipped Nemelex Xobeh.
Nemelex Xobeh was most pleased with you.
You visited 1 branch of the dungeon, and saw 7 of its levels.

You collected 425 gold pieces.

Inventory:

Hand Weapons
 d - a +0 dagger
 t - a +4 short sword (weapon)
 u - a +4 dire flail of protection
Missiles
 v - 6 curare-tipped darts
Armour
 a - a +0 robe
 i - a +4 chain mail of poison resistance
 l - a +1 hat (worn)
 m - a scarf of resistance (worn)
 x - the +1 pair of boots of Orgheufie (worn) {Contam Harm Rampage rC- rCorr}
   (You found it on level 6 of the Dungeon)

   rC:        It makes you vulnerable to cold.
   Contam:    It causes magical contamination when unequipped.
   rCorr:     It protects you from acid and corrosion.
   Harm:      It increases damage dealt and taken.
   Rampage:   It bestows one free step when moving towards enemies.
Jewellery
 h - a +4 ring of protection (left hand)
 p - a +6 ring of dexterity (right hand)
Wands
 w - a wand of iceblast (17)
Scrolls
 c - a scroll of immolation
 g - a scroll of holy word
 n - a scroll of identify
 o - a scroll of magic mapping {unknown}
 r - a scroll of fear {unknown}
 y - a scroll of amnesia {unknown}
 A - a scroll of silence {unknown}
Potions
 b - 2 potions of magic
 e - a potion of cancellation {unknown}
 f - a potion of resistance
 q - a potion of ambrosia {unknown}
 s - a potion of degeneration {unknown}
 z - a potion of brilliance {unknown}
 B - a potion of curing


   Skills:
 + Level 4.0 Fighting
 - Level 1.6 Armour
 - Level 2.4 Dodging
 + Level 6.3 Stealth
 + Level 6.2 Spellcasting
 - Level 1.1 Conjurations
 + Level 6.3 Fire Magic
 + Level 0.6 Ice Magic


You had 11 spell levels left.
You knew the following spells:

 Your Spells              Type           Power      Damage    Failure   Level
a - Foxfire               Conj/Fire      88%        2x1d8     1%          1
b - Flame Wave            Conj/Fire      22%        2d7       21%         4
c - Ozocubu's Armour      Ice            9%         N/A       22%         3

Your spell library contained the following spells:

 Spells                   Type           Power      Damage    Failure   Level
 Scorch                   Fire           66%        2d8       1%          2
 Conjure Flame            Conj/Fire      22%        6-21      6%          3
 Inner Flame              Hex/Fire       19%        N/A       8%          3
 Sting                    Tmut/Pois      24%        1d4       10%         1
 Ensorcelled Hibernation  Hex/Ice        14%        N/A       13%         2
 Corpse Rot               Necr/Air       12%        N/A       14%         2
 Passwall                 Tmut/Erth      5%         N/A       14%         2
 Poisonous Vapours        Pois/Air       12%        N/A       14%         2
 Spider Form              Tmut/Pois      6%         N/A       28%         3
 Swiftness                Air            6%         N/A       28%         3
 Anguish                  Hex/Necr       3%         N/A       67%         4
 Animate Dead             Necr           3%         N/A       67%         4
 Olgreb's Toxic Radiance  Pois           6%         N/A       67%         4
 Borgnjor's Vile Clutch   Necr/Erth      3%         N/A       95%         5
 Death Channel            Necr           3%         N/A       100%        6
 Ozocubu's Refrigeration  Ice            4%         4d5       100%        7


Dungeon Overview and Level Annotations

Branches:
Dungeon (7/15)
 Temple: D:4-7

Altars:
Nemelex Xobeh
Trog


Message History

You have difficulty breathing.
You feel as though you will be slow longer.
As you read the scroll of teleportation, it crumbles to dust.
You feel strangely unstable.
You feel very sick. The kobold closely misses you.
You draw a card...
You have drawn Vitriol.
Press: ? - help, Shift-Dir - straight line, f - kobold
Aim: a kobold, wielding a +0 short sword and quivering stones The glob of acid hits the kobold!!!
The acid corrodes the kobold!
You kill the kobold!
Your surroundings suddenly seem different.
Nemelex Xobeh deals you some cards!
You now have 5 escape cards, 22 destruction cards and 8 summoning cards. 6 yaks, an ice beast and a bullfrog come into view.
Found 13 gold pieces and a lumpy sapphire potion.
Found an escape hatch in the ceiling.
* * * LOW HITPOINT WARNING * * *
You feel very sick.
The yak bellows! x2; The bullfrog croaks.
The yak bellows! x2
You hear an angry buzzing noise. x3; You hear a shout!
A killer bee comes into view.
The yak gores you but does no damage.
A killer bee comes into view. x2
You feel better. The yak gores you!
* * * LOW HITPOINT WARNING * * *
The yak gores you.
* * * LOW HITPOINT WARNING * * *
The yak misses you. The yak gores you.
* * * LOW HITPOINT WARNING * * *
You draw a card...
You have drawn the Elixir.
You begin rapidly regenerating health and magic.
The yak gores you.
* * * LOW HITPOINT WARNING * * *
The yak gores you.
* * * LOW HITPOINT WARNING * * *
The yak gores you.
You die...
Your body glows with a rainbow of weird colours and disappears.

########
#YY@Y..#
#..FYYY..#
#...yyy$.#
#.....Y..#
#<.......#
#........!
#...##.....
.... ......


You could see 6 yaks, an ice beast, a bullfrog and 3 killer bees.

Vanquished Creatures
  Edmund (D:5)
  An ice beast (D:6)
  2 ogres (D:4)
  A black bear (D:6)
  A centaur (D:6)
  Blork the orc (D:5)
  2 necrophages (D:6)
  2 scorpions
  A howler monkey (D:6)
  3 hounds
  2 iguanas
  An orc wizard (D:5)
  7 adders
  A dart slug (D:1)
  8 orcs
  5 ball pythons
  4 endoplasms
  5 giant cockroaches
  10 goblins
  6 hobgoblins
  2 quokkas
  4 bats (D:1)
  4 frilled lizards
  7 kobolds
  5 rats
86 creatures vanquished.

Vanquished Creatures (others)
  461 foxfires
461 creatures vanquished.

Grand Total: 547 creatures vanquished

Notes
Turn   | Place    | Note
-------+----------+-------------------------------------------
     0 | D:1      | Hubjo the Deep Elf Fire Elementalist began the quest for
                  | the Orb.
     0 | D:1      | Reached XP level 1. HP: 10/10 MP: 6/6
   339 | D:1      | Reached XP level 2. HP: 16/16 MP: 2/8
  1089 | D:1      | Reached skill level 1 in Fighting
  1290 | D:1      | Found a faded altar of an unknown god.
  1297 | D:1      | Prayed at the altar of an unknown god.
  1297 | D:1      | Became a worshipper of Nemelex Xobeh the Trickster
  1297 | D:1      | Reached * piety under Nemelex Xobeh
  1585 | D:2      | Received a gift from Nemelex Xobeh
  1712 | D:2      | Reached XP level 3. HP: 20/20 MP: 5/9
  2858 | D:3      | Reached XP level 4. HP: 14/26 MP: 7/11
  3764 | D:3      | Reached ** piety under Nemelex Xobeh
  3764 | D:3      | Received a gift from Nemelex Xobeh
  3826 | D:4      | Noticed an ogre
  3834 | D:4      | Killed an ogre
  3835 | D:4      | Reached XP level 5. HP: 31/31 MP: 3/13
  3995 | D:4      | Noticed an ogre
  4001 | D:4      | Killed an ogre
  4002 | D:4      | Reached XP level 6. HP: 36/36 MP: 7/15
  4440 | D:4      | Learned a level 4 spell: Flame Wave
  4737 | D:5      | Entered Level 5 of the Dungeon
  4764 | D:5      | Noticed Blork the orc
  4792 | D:5      | Killed Blork the orc
  4793 | D:5      | Reached skill level 5 in Spellcasting
  5366 | D:5      | Reached skill level 5 in Fire Magic
  5491 | D:5      | Received a gift from Nemelex Xobeh
  5604 | D:5      | Noticed Edmund
  5647 | D:5      | Killed Edmund
  5648 | D:5      | Reached skill level 5 in Stealth
  5648 | D:5      | Reached XP level 7. HP: 19/41 MP: 3/17
  6493 | D:6      | Reached skill level 1 in Armour
  6785 | D:6      | Noticed Prince Ribbit
  6795 | D:6      | Identified the +1 pair of boots of Orgheufie {Contam Harm
                  | Rampage rC- rCorr}
  6838 | D:6      | Noticed Prince Ribbit
  6838 | D:6      | Prince Ribbit changed into Prince Ribbit the black bear
  6845 | D:6      | Killed Prince Ribbit the black bear
  6963 | D:6      | Reached *** piety under Nemelex Xobeh
  6963 | D:6      | Received a gift from Nemelex Xobeh
  7040 | D:6      | Reached XP level 8. HP: 48/48 MP: 18/18
  7265 | D:6      | Learned a level 3 spell: Ozocubu's Armour
  7558 | D:6      | Found a bloodstained altar of Trog.
  7788 | D:7      | Noticed a hornet
  7803 | D:7      | Received a gift from Nemelex Xobeh
  7805 | D:7      | Slain by a yak

Illustrated notes

Levels and vault maps discovered:
D:1:      heliophobic_arrival_enchanted_forest, layout_loops_ring,
          dilly_ecumenical_altar_fadedgnrine
D:2:      layout_loops_ring
D:3:      layout_rooms
D:4:      layout_rooms, chequers_serial_rivers_small_3
D:5:      layout_loops_corners, minmay_statues_item, uniq_edmund,
          uniq_blork_the_orc
D:6:      layout_cave_pods, mainiacjoe_overflow_alcove_2,
          minmay_misc_feat_square, uniq_prince_ribbit1
D:7:      layout_basic, minmay_temple_entry_antechambers,
          minmay_misc_feat_four_crosses

Skill      XL: |  1  2  3  4  5  6  7  8 |
---------------+-------------------------+-----
Fighting       | 1 2 3 4 |  4.0
Stealth        | 3 4 5 6 |  6.3
Spellcasting   | 4 5 6 |  6.2
Fire Magic     | 4 5 6 |  6.3
Armour         | 1 |  1.6
Dodging        | |  2.4
Conjurations   | |  1.1
Ice Magic      | |  0.6

Action                   |  1- 3 |  4- 6 |  7- 9 || total
-------------------------+-------+-------+-------++-------
Melee: Dagger            |    21 |     4 |       ||    25
       Short sword       |       |    37 |    67 ||   104
       Punch             |       |     3 |       ||     3
 Cast: Foxfire           |   141 |   131 |    18 ||   290
       Flame Wave        |       |     2 |       ||     2
Invok: Draw Destruction  |     1 |       |     4 ||     5
       Draw Escape       |       |       |     3 ||     3
  Use: Scroll            |       |     5 |     3 ||     8
       Potion            |       |     4 |     3 ||     7
 Stab: Sleeping          |       |     1 |     1 ||     2
Armor: Robe              |     4 |    17 |       ||    21
       Chain mail        |       |       |    17 ||    17
       Skin              |       |       |    28 ||    28
Dodge: Dodged            |    21 |    35 |    55 ||   111

Table legend: (Time is in decaauts)
 A = Elapsed time spent in this place.
 B = Non-inter-level travel time spent in this place.
 C = Inter-level travel time spent in this place.
 D = Time resting spent in this place.
 E = Time spent auto-exploring this place.
 F = Levels seen in this place.
 G = Mean time per level.
                   A        B        C        D        E       F      G
               +--------+--------+--------+--------+--------+-----+--------+
         Total |   7821 |   7732 |     89 |    409 |   6263 |   7 | 1117.3 |
       Dungeon |   7821 |   7732 |     89 |    409 |   6263 |   7 | 1117.3 |
               +--------+--------+--------+--------+--------+-----+--------+

Top non-repeatable levels by time:
     D:5: 1702 daAuts
     D:1: 1377 daAuts
     D:6: 1347 daAuts
     D:3: 1345 daAuts
     D:2: 1100 daAuts
     D:4: 916 daAuts
     D:7: 30 daAuts
